 Dungeon Crawl Stone Soup version 0.20.0-10-g0535bb4 (webtiles) character file.

252 MTVSty1e the Skirmisher (level 6, -5/39 HPs)
             Began as a Gargoyle Fighter on June 4, 2017.
             Slain by a wyvern (8 damage)
             ... on level 4 of the Dungeon.
             The game lasted 00:03:47 (2256 turns).

MTVSty1e the Skirmisher (Gargoyle Fighter)          Turns: 2256, Time: 00:04:05

Health: -5/39      AC: 17    Str: 26    XL:     6   Next: 13%
Magic:  9/9        EV:  4    Int:  9    God:
Gold:   150        SH:  9    Dex:  9    Spells: 9/9 levels left

rFire    . . .     SeeInvis .   a - +0 war axe
rCold    . . .     Gourm    .   c - +0 shield
rNeg     + . .     Faith    .   e - +0 plate armour
rPois    ∞         Spirit   .   x - +0 helmet
rElec    +         Reflect  .   (no cloak)
rCorr    .         Harm     .   (no gloves)
MR       +....                  (no boots)
Stlth    ..........             (no amulet)
Regen    0.2/turn               i - ring of protection from magic
MPRegen  0.2/turn               (no ring)

@: mighty
A: negative energy resistance 1, electricity resistance, unbreathing,
petrification resistance, rot immunity, AC +4
a: no special abilities


You were on level 4 of the Dungeon.
You were hungry.

You visited 1 branch of the dungeon, and saw 4 of its levels.

You collected 150 gold pieces.

Inventory:

Hand Weapons
 a - a +0 war axe (weapon)
Armour
 b - a +0 scale mail
 c - a +0 shield (worn)
 e - a +0 plate armour (worn)
 x - a +0 helmet (worn)
Jewellery
 i - a ring of protection from magic (left hand)
Wands
 y - a wand of disintegration (11/24)
Scrolls
 g - 2 scrolls of magic mapping {unknown}
 h - a scroll of fear {unknown}
 k - a scroll of teleportation {unknown}
 m - 3 scrolls of identify {unknown}
 o - a scroll of blinking {unknown}
 p - 5 scrolls of remove curse {unknown}
 u - a scroll of immolation {unknown}
 v - a scroll of enchant weapon {unknown}
Potions
 d - a potion of might
 j - 2 potions of flight {unknown}
 l - a potion of brilliance {unknown}
 n - a potion of berserk rage {unknown}
 q - a potion of curing {unknown}
 s - a potion of heal wounds {unknown}
 w - a potion of lignification {unknown}
 z - a potion of haste {unknown}
Comestibles
 f - 3 bread rations
 r - 3 royal jellies
 t - 3 fruits


   Skills:
 + Level 4.5 Fighting
 * Level 4.2 Axes
 - Level 3.2 Armour
 - Level 3.2 Shields
 + Level 2.4 Spellcasting


You had 9 spell levels left.
You didn't know any spells.

Dungeon Overview and Level Annotations

Branches:
Dungeon (4/15)
 Temple: D:4-7

Altars:
Dithmenos
Hepliaklqana
Kikubaaqudgha
Xom
The Shining One


Innate Abilities, Weirdness & Mutations

You are resistant to torment.
Your stone body is resilient. (AC +4)
You are immune to poison.
You resist negative energy. (rN+)
You are resistant to electric shocks. (rElec)
You can survive without breathing.
You are immune to petrification.
You are immune to rotting.


Message History

You closely miss the wyvern. You closely miss the leopard gecko.
The wyvern bites you but does no damage.
The leopard gecko bites you but does no damage.
The worker ant barely misses you. The wyvern bites you!
You block the leopard gecko's attack. The ooze barely misses you.
The worker ant bites you.
You are too injured to fight recklessly!
You feel very mighty all of a sudden. You block the wyvern's attack.
The leopard gecko hisses menacingly.
You block the leopard gecko's attack. You block the worker ant's attack.
The wyvern barely misses you. The ooze hits you but does no damage.
You completely miss the wyvern. You slash the worker ant! You slash the ooze!
You kill the ooze!
Your shield and plate armour prevent you from hitting the leopard gecko.
The wyvern bites you!
* * * LOW HITPOINT WARNING * * *
The leopard gecko bites you but does no damage.
You block the worker ant's attack. The wyvern bites you!
You die...

..... ..... ##### ####
...... ..... ..# ......
.######## ##.###......
.# #....#####...........
.###........#...la......
.......)......$.@>......
........<.#.#..l#....%..
..........#..?#.#.......
..........#####...#+####
..........# ##..#
..........# ..#
#.........# .#.
#.........# .#..


You could see a wyvern, a worker ant and a leopard gecko.

Vanquished Creatures
  A scorpion (D:4)
  An orc wizard (D:3)
  A centaur skeleton (D:4)
  Robin (D:3)
  4 adders
  An ooze (D:4)
  An adder skeleton (D:4)
  A worm (D:2)
  2 dart slugs
  7 orcs (D:3)
  2 ball pythons (D:3)
  8 bats
  3 giant cockroaches
  12 goblins
  15 hobgoblins
  5 kobolds
  4 frilled lizards (D:2)
  5 rats
74 creatures vanquished.

Notes
Turn   | Place    | Note
-------+----------+-------------------------------------------
     0 | D:1      | MTVSty1e the Gargoyle Fighter began the quest for the Orb.
     0 | D:1      | Reached XP level 1. HP: 14/14 MP: 1/1
   171 | D:1      | Reached XP level 2. HP: 16/19 MP: 2/2
   400 | D:1      | Reached XP level 3. HP: 23/23 MP: 3/3
   884 | D:2      | Reached skill level 1 in Spellcasting
  1182 | D:2      | Reached XP level 4. HP: 28/29 MP: 5/5
  1359 | D:2      | Found a radiant altar of Vehumet.
  1361 | D:2      | Found a shimmering altar of Xom.
  1361 | D:2      | Found a hazy altar of Hepliaklqana.
  1363 | D:2      | Found a shadowy altar of Dithmenos.
  1363 | D:2      | Found a glowing golden altar of the Shining One.
  1363 | D:2      | Found an ancient bone altar of Kikubaaqudgha.
  1652 | D:3      | Noticed Robin
  1674 | D:3      | Killed Robin
  1674 | D:3      | Reached XP level 5. HP: 30/33 MP: 7/7
  2106 | D:4      | Found a shimmering altar of Xom.
  2134 | D:4      | Reached XP level 6. HP: 35/39 MP: 9/9
  2248 | D:4      | Noticed a wyvern
  2256 | D:4      | Slain by a wyvern

Skill      XL: |  1  2  3  4  5 |
---------------+----------------+-----
Axes           | 2 3 4 |  4.2
Spellcasting   | 1 2 |  2.4
Fighting       | 4 |  4.5
Armour         | |  3.2
Shields        | |  3.2

Action                   |  1- 3 |  4- 6 || total
-------------------------+-------+-------++-------
Melee: War axe           |   158 |   123 ||   281
  Use: Potion            |       |     1 ||     1
  Eat: Bread ration      |     1 |       ||     1
Armor: Plate armour      |   122 |   114 ||   236
       Scale mail        |     9 |       ||     9
Dodge: Dodged            |    27 |    18 ||    45
Block: Shield            |    91 |    82 ||   173
